Map: Prion Terraces

Players

MorN

  • Race: Terran Terran
  • League: Master

Mariuslol - Winner!

  • Race: Zerg Zerg
  • League: Master

VOD

Have the link to the VOD?

Description

Time

  • Played on: Nov. 22, 2015, 5:10 a.m.
  • Length: 5:33
Show
View Real Time Build Order
Export as new Build Order

MorN Terran 

Build Orders: Reaper Expand 

Get SALT Encoding   

  12  0:01  SCV  
  13  0:13  SCV  
  14  0:18  Supply Depot  
  14  0:25  SCV  
  15  0:40  SCV  
  15  0:41  Barracks  
  16  0:46  Refinery  
  16  0:52  SCV  
  17  1:04  SCV  
  18  1:16  SCV  
  19  1:29  Orbital Command  
  19  1:30  Reaper  
  20  1:40  Command Center  
  20  1:56  SCV  
  21  2:09  Command Center  
  21  2:11  Barracks Reactor  
  21  2:14  SCV  
  22  2:20  Supply Depot  
  22  2:26  SCV  
  23  2:44  Factory  
  23  2:45  SCV  
  23  2:48  Marine x2  
  26  2:52  Orbital Command  
  26  2:59  SCV  
  27  3:05  Bunker  
  27  3:06  Refinery  
  27  3:11  SCV  
  28  3:14  Marine x2  
  30  3:22  SCV  
  30  3:23  SCV  
  31  3:29  SCV  
  31  3:32  Starport  
  32  3:35  Supply Depot  
  32  3:36  Marine x2  
  32  3:37  Factory Tech Lab  
  34  3:42  SCV, Supply Depot  
  34  3:47  Orbital Command  
  35  3:54  SCV  
  35  3:55  SCV  
  37  3:57  Marine x2  
  37  4:02  Siege Tank  
  42  4:06  SCV  
  43  4:18  Medivac  
  43  4:30  SCV  
  44  4:37  SCV  
  45  4:39  Widow Mine  
  45  4:43  Marine x2  
  49  4:48  SCV x2  
  49  4:49  SCV  
  52  5:06  Starport Reactor  
  53  5:07  SCV  
  45  5:29  Factory Reactor  
Show
View Real Time Build Order
Export as new Build Order

Mariuslol Zerg - Winner!

Build Orders: Pool First, Ravager All-In 

Get SALT Encoding   

  12  0:00  Drone  
  13  0:13  Overlord  
  13  0:19  Drone  
  14  0:31  Drone x2  
  16  0:39  Drone  
  17  0:44  Extractor  
  17  0:48  Drone  
  17  1:01  Drone  
  17  1:02  Spawning Pool  
  17  1:23  Drone  
  17  1:24  Hatchery  
  18  1:25  Drone  
  18  1:34  Drone  
  19  1:48  Queen  
  19  1:49  Metabolic Boost  
  19  1:53  Drone  
  22  2:03  Overlord  
  22  2:09  Roach Warren  
  21  2:24  Queen  
  21  2:28  Zergling x2  
  21  2:29  Zergling x4  
  26  2:38  Drone  
  27  2:47  Drone x2  
  29  2:51  Drone  
  29  2:54  Evolution Chamber  
  29  3:03  Drone x4  
  33  3:07  Extractor  
  33  3:10  Zergling x2  
  33  3:30  Roach  
  35  3:36  Overlord  
  35  3:47  Overlord  
  35  3:54  Roach x4  
  43  3:57  Overlord  
  43  4:07  Roach x3  
  43  4:08  Roach  
  51  4:23  Drone x4  
  51  4:24  Drone x2  
  53  4:40  Hatchery  
  52  4:47  Overlord  
  52  4:53  Ravager  
  52  4:54  Ravager x4  
  52  4:57  Ravager  
  52  4:58  Drone x2  
  60  5:02  Overlord  
  56  5:19  Drone x3  
Tags
 
Add a new tag
Caveats
  • Supply blocks, unpowered buildings, or Contaminate may cause inaccurate times.
  • Supply counts are checked every 10 seconds.